[Event "ICCopen2016"]
[Site "Internet Chess Club"]
[Date "2016.06.04"]
[Round "3"]
[White "dhar2603"]
[Black "Werewolf"]
[Result "1-0"]
[ICCResult "Black checkmated"]
[WhiteElo "1853"]
[BlackElo "2188"]
[Opening "English opening"]
[ECO "A20"]
[NIC "EO.24"]
[Time "14:23:53"]
[TimeControl "180+0"]

1. c4 e5 2. g3 Nf6 3. Bg2 d5 4. cxd5 Nxd5 5. Nc3 Ne7 6. Nf3 Nbc6 7. O-O g6
8. d3 Bg7 9. Be3 O-O 10. Rc1 a6 11. a3 Nd4 12. Bxd4 exd4 13. Ne4 c6 14. Nfd2
Rb8 15. Nc5 Nd5 16. Qb3 b6 17. Na4 Be6 18. Qd1 c5 19. Re1 Re8 20. Kh1 Bh6
21. Rb1 a5 22. Qc2 Qg5 23. Ne4 Qd8 24. b3 f5 25. Nd2 Qd7 26. Nb2 Nc3 27. Ra1
Bd5 28. Nf3 Re6 29. Nd1 Nxd1 30. Raxd1 Rbe8 31. b4 axb4 32. axb4 Qb5 33.
bxc5 bxc5 34. Kg1 Bb3 35. Qb2 Rb6 36. Rb1 Reb8 37. Nd2 Bxd2 38. Qxd2 Qd7 39.
Rec1 Qd6 40. Qa5 Rb5 41. Qa3 Bd5 42. Rxb5 Rxb5 43. Bxd5+ Qxd5 44. Qa6 Qd7
45. Qa8+ Kg7 46. Qa3 Qc6 47. Qa7+ Kh6 48. Qe7 Qb7 49. Qxb7 Rxb7 50. Rxc5 Rb2
51. Re5 Rb4 52. Kg2 Kg7 53. Kf3 Kf6 54. Rd5 h5 55. h3 g5 56. Rd6+ Ke5 57.
Rd8 g4+ 58. hxg4 hxg4+ 59. Kg2 Rb2 60. Re8+ Kf6 61. f3 Kf7 62. Re5 Kf6 63.
f4 Rb3 64. Kf2 Rb2 65. Rd5 Rb4 66. Rc5 Ke6 67. Rc4 Rxc4 68. dxc4 Kd6 69. e3
Kc5 70. exd4+ Kxd4 71. c5 Kc4 72. c6 Kd4 73. c7 Ke4 74. c8=Q Kd5 75. Qxf5+
Kd4 76. Qxg4 Kc3 77. Qf3+ Kd4 78. f5 Kc5 79. f6 Kd6 80. f7 Kc7 81. f8=Q Kb6
82. Qd6+ Ka7 83. Qb3 Ka8 84. Qa6# {Black checkmated} 1-0

[Event "ICCopen2016"]
[Site "Internet Chess Club"]
[Date "2016.06.04"]
[Round "3"]
[White "awesome5123"]
[Black "GrandUnified"]
[Result "1-0"]
[ICCResult "Black forfeits on time"]
[WhiteElo "1649"]
[BlackElo "1361"]
[Opening "Sicilian"]
[ECO "B54"]
[NIC "SI.01"]
[Time "14:24:36"]
[TimeControl "180+0"]

1. e4 c5 2. Nf3 d6 3. d4 cxd4 4. Nxd4 Nc6 5. Nc3 a6 6. Be3 g6 7. f3 Bg7 8.
Qd2 Nf6 9. g4 O-O 10. h4 Nxd4 11. Bxd4 b5 12. h5 b4 13. Nd5 e5 14. Nxf6+
Qxf6 15. Be3 Qxf3 16. Be2 Qxe4 17. O-O-O Bxg4 18. Bxg4 Qxg4 19. Rdg1 Qc4 20.
Kb1 d5 21. Bh6 d4 22. Bxg7 Kxg7 23. hxg6 fxg6 24. Qh6+ Kf6 25. Rf1+ Ke7 26.
Qxh7+ Kd6 27. Qxg6+ Kc5 28. Re1 Rae8 29. Qg7 Rg8 30. Qc7+ Kb5 31. Qb7+ Kc5
32. Qc7+ Kb5 33. Qd7+ Kc5 34. Qf5 Qd5 35. Rh5 d3 36. cxd3 Kb6 37. Rh6+ Ka5
38. Qe4 Qxe4 39. Rxe4 Rg1+ 40. Kc2 Rc8+ 41. Kb3 Rg3 42. Rh3 Rc5 43. Rxg3 Kb5
44. Rg5 {Black forfeits on time} 1-0

[Event "ICCopen2016"]
[Site "Internet Chess Club"]
[Date "2016.06.04"]
[Round "3"]
[White "Maxbet"]
[Black "Valai"]
[Result "0-1"]
[ICCResult "White forfeits on time"]
[WhiteElo "2899"]
[BlackElo "2573"]
[Opening "Queen's bishop game"]
[ECO "D02"]
[NIC "QP.06"]
[Time "14:24:05"]
[TimeControl "180+0"]

1. d4 Nf6 2. Nf3 d5 3. Bf4 e6 4. e3 Bd6 5. Bg3 O-O 6. c3 b6 7. Nbd2 Ba6 8.
Bxa6 Nxa6 9. Qe2 Nb8 10. O-O c5 11. dxc5 Bxg3 12. hxg3 bxc5 13. c4 d4 14.
Nb3 d3 15. Qd1 Na6 16. Ne5 Qd6 17. Nxd3 Rfd8 18. Nf4 Qe5 19. Qe2 Nb4 20. a3
Nc6 21. Nd3 Qf5 22. Nbxc5 e5 23. b4 a5 24. b5 e4 25. Nf4 Qxc5 26. bxc6 Qxc6
27. Rfd1 Rdc8 28. Rd4 Rab8 29. Rad1 h6 30. Nd5 Nxd5 31. cxd5 Qd6 32. a4 Rb4
33. Qg4 Re8 34. Qf4 Qd7 35. d6 Rxa4 36. Rxa4 Qxa4 37. Rd4 Qd7 38. Rxe4 Rxe4
39. Qxe4 Qxd6 40. Qa8+ Kh7 41. Qxa5 g6 42. Qe1 Qd3 43. f3 h5 44. Kh2 Kg7 45.
e4 Qd4 46. Qe2 Qe5 47. f4 Qd4 48. e5 Qd5 49. Qf3 Qd4 50. g4 hxg4 51. Qxg4
Qe4 52. Qg5 Kh7 53. Qf6 Kg8 54. Qg5 Qe2 55. Qd8+ Kh7 56. Qh4+ Kg8 57. Qg5
Kh7 58. f5 Qxe5+ 59. Kh3 Qxf5+ 60. Qxf5 gxf5 61. Kg3 Kg6 62. Kf4 Kf6 63. g3
Kg6 64. g4 fxg4 65. Kxg4 Kf6 66. Kf4 Kg6 67. Kg4 f6 68. Kf4 Kg7 69. Kf5 Kf7
70. Kf4 Ke7 71. Kf5 Kf7 72. Kf4 Kg6 73. Kg4 f5+ 74. Kf4 Kf6 75. Kf3 Kg6 76.
Kf4 Kf6 77. Kf3 Ke6 78. Kf4 Kf6 79. Kf3 Ke5 80. Ke3 f4+ 81. Kf3 Kf5 82. Kf2
Kg5 83. Kf3 Kf5 84. Kf2 Kg4 85. Kg2 Kg5 86. Kf2 Kf5 87. Kg2 Ke5 88. Kf2 Ke4
89. Ke2 f3+ 90. Kf2 Kf4 91. Kf1 Kg4 92. Kf2 Kf4 93. Kf1 Ke4 94. Kf2 Kf4 95.
Kf1 Kg3 96. Kg1 Kg4 97. Kf2 Kf4 98. Kf1 Ke4 99. Kf2 Kf4 100. Kf1 Ke3
{White forfeits on time}
0-1

[Event "ICCopen2016"]
[Site "Internet Chess Club"]
[Date "2016.06.04"]
[Round "3"]
[White "khekhm"]
[Black "Platyborg"]
[Result "0-1"]
[ICCResult "White forfeits on time"]
[WhiteElo "2549"]
[BlackElo "2939"]
[Opening "Sicilian defense"]
[ECO "B40"]
[NIC "SI.43"]
[Time "14:24:28"]
[TimeControl "180+0"]

1. e4 c5 2. Nf3 e6 3. g3 Nc6 4. Bg2 Nf6 5. Qe2 d5 6. exd5 Nxd5 7. O-O Be7 8.
Rd1 Qb6 9. Nc3 O-O 10. Nxd5 exd5 11. d4 Bf6 12. dxc5 Qxc5 13. c3 Bf5 14. Be3
Qa5 15. Nd4 Nxd4 16. Bxd4 Rfe8 17. Qh5 g6 18. Qh6 Bxd4 19. Rxd4 Be4 20. Rad1
Qb6 21. b3 Rac8 22. c4 Bc2 23. R1d2 Re1+ 24. Bf1 dxc4 25. Rh4 g5 26. Qxg5+
Qg6 27. Rd8+ Kg7 28. Qxg6+ Bxg6 29. Rxc8 cxb3 30. axb3 Bd3 31. Rg4+ Kf6 32.
Rf4+ Kg7 33. Rc7 Bxf1 34. h4 Bh3+ 35. Kh2 Be6 36. b4 Bd5 37. Rd4 Bc6 38. b5
Bxb5 39. g4 Bc6 40. Rf4 Bd5 41. g5 Re5 42. Kg3 a5 43. Rd4 b6 44. Rd7 Be6 45.
R7d6 b5 46. Ra6 b4 47. Kf4 Rb5 48. Ke3 b3 49. Rd1 b2 50. Rb1 Ba2 51. Rxb2
Rxb2 52. Rxa5 Be6 53. Re5 Rb3+ 54. Kf4 Rb4+ 55. Kg3 Rg4+ 56. Kh2 Rxh4+ 57.
Kg3 Rg4+ 58. Kf3 Ra4 59. Ke3 Ra3+ 60. Kf4 Ra4+ 61. Kg3 Ra3+ 62. f3 Ra6 63.
Re4 Ra7 64. Rf4 f5 {White forfeits on time} 0-1

[Event "ICCopen2016"]
[Site "Internet Chess Club"]
[Date "2016.06.04"]
[Round "3"]
[White "Visam"]
[Black "gmgattass"]
[Result "1-0"]
[ICCResult "Black checkmated"]
[WhiteElo "2813"]
[BlackElo "2227"]
[Opening "Réti: King's Indian attack"]
[ECO "A05"]
[NIC "QP.11"]
[Time "14:24:28"]
[TimeControl "180+0"]

1. Nf3 Nf6 2. g3 g6 3. b3 Bg7 4. Bb2 O-O 5. Bg2 c5 6. c4 Nc6 7. O-O d5 8.
cxd5 Nxd5 9. Bxg7 Kxg7 10. Qc1 b6 11. Nc3 Nc7 12. d4 cxd4 13. Nb5 Nxb5 14.
Qxc6 Bd7 15. Qd5 e6 16. Qe4 f5 17. Qd3 Bc6 18. Rac1 Be8 19. Nxd4 Nxd4 20.
Rfd1 e5 21. Bxa8 Qxa8 22. Rc7+ Rf7 23. Qe3 Qd5 24. Rdc1 Bb5 25. Rxf7+ Kxf7
26. Rc7+ Ke6 27. f4 Nxe2+ 28. Kf2 e4 29. a4 Ba6 30. Rxa7 Bd3 31. Qxb6+ Qd6
32. Qxd6+ Kxd6 33. Rxh7 Nc3 34. Rh6 Nd5 35. Rxg6+ Kc5 36. Re6 e3+ 37. Rxe3
Nxe3 38. Kxe3 Bc2 39. h4 Bxb3 40. a5 Kb5 41. h5 Kxa5 42. h6 Bg8 43. Kd4 Kb6
44. Ke5 Bh7 45. Kf6 Kc6 46. Kg7 Bg6 47. Kxg6 Kd5 48. Kxf5 Kd4 49. h7 Ke3 50.
h8=Q Kf3 51. Qc3+ Kf2 52. Ke4 Ke2 53. g4 Kd1 54. Qb2 Ke1 55. Ke3 Kf1 56.
Qf2# {Black checkmated} 1-0

[Event "ICCopen2016"]
[Site "Internet Chess Club"]
[Date "2016.06.04"]
[Round "3"]
[White "Westbank"]
[Black "d13gocr"]
[Result "1/2-1/2"]
[ICCResult "Black stalemated"]
[WhiteElo "2157"]
[BlackElo "1770"]
[Opening "Queen's pawn, Mason variation"]
[ECO "D00"]
[NIC "QP.08"]
[Time "14:24:11"]
[TimeControl "180+0"]

1. d4 d5 2. Bf4 e6 3. e3 c5 4. Nc3 Nd7 5. Nb5 e5 6. dxe5 a6 7. Nd6+ Bxd6 8.
exd6 Ngf6 9. Nf3 O-O 10. Be2 Nb6 11. O-O Bg4 12. h3 Bh5 13. a4 Qd7 14. a5
Nc8 15. Ne5 Qe6 16. Bxh5 Nxd6 17. Bf3 Nde4 18. Bxe4 Nxe4 19. f3 g5 20. fxe4
gxf4 21. exf4 dxe4 22. Qg4+ Kh8 23. Qxe6 fxe6 24. Rae1 Rad8 25. Rxe4 Rd2 26.
Rf2 Rd1+ 27. Kh2 Rg8 28. g4 h5 29. g5 h4 30. Nf7+ Kg7 31. Nh6 Rgd8 32. Rxe6
Rb1 33. f5 Rdd1 34. Kg2 Rg1+ 35. Kf3 Rg3+ 36. Kf4 Rxb2 37. Re7+ Kf8 38. Rf7+
Ke8 39. Re2+ Kd8 40. Ng4 Rb4+ 41. Ke5 Rd4 42. Kf6 Rxh3 43. Ne5 Rd6+ 44. Kg7
Rg3 45. g6 h3 46. Nc4 Rd4 47. Nb6 Rg2 48. Re3 Rh4 49. Rd3+ Ke8 50. Rf8+ Ke7
51. f6+ Ke6 52. Re8+ Kf5 53. f7 Rxg6+ 54. Kf8 Rh8+ 55. Ke7 Re6+ 56. Kd7
Rexe8 57. fxe8=Q Rh7+ 58. Qe7 Rxe7+ 59. Kxe7 h2 60. Rh3 Kg4 61. Rxh2 Kg3 62.
Rh7 Kg4 63. Kd6 Kf3 64. Kxc5 Ke3 65. Rxb7 Kd2 66. Ra7 Kxc2 67. Rxa6 Kb3 68.
Nc4 Ka4 69. Rb6 {Black stalemated} 1/2-1/2

[Event "ICCopen2016"]
[Site "Internet Chess Club"]
[Date "2016.06.04"]
[Round "3"]
[White "Astaneh"]
[Black "welo1969"]
[Result "1-0"]
[ICCResult "Black forfeits on time"]
[WhiteElo "2740"]
[BlackElo "1570"]
[Opening "QGD Slav: 4.e3"]
[ECO "D11"]
[NIC "SL.01"]
[Time "14:24:29"]
[TimeControl "180+0"]

1. d4 d5 2. c4 c6 3. Nf3 Nf6 4. e3 a6 5. Nc3 Bf5 6. Qb3 Ra7 7. Bd2 e6 8. Rc1
Be7 9. Nh4 Bg4 10. h3 Bh5 11. g4 Bg6 12. Bg2 O-O 13. c5 e5 14. Nxg6 hxg6 15.
O-O exd4 16. exd4 Nbd7 17. Bf4 Nh7 18. Rce1 Bf6 19. Bd6 Re8 20. Rxe8+ Qxe8
21. Qd1 Nhf8 22. Re1 Qd8 23. f4 Ne6 24. Be5 Bxe5 25. fxe5 Qg5 26. Ne2 Qe3+
27. Kh2 Ra8 28. Qc1 Qf2 29. Qc3 Nf4 30. Qg3 Qxg3+ 31. Kxg3 Nxe2+ 32. Rxe2
Nf8 33. Rd2 Ne6 34. h4 Kf8 35. g5 Ke7 36. Bh3 Rh8 37. Rd3 Rb8 38. Bg4 b5 39.
cxb6 Rxb6 40. b3 Rb4 41. Bxe6 Kxe6 42. Rc3 Rxd4 43. Rxc6+ Kxe5 44. Rxa6 Rd3+
45. Kf2 Rd2+ 46. Ke3 Rh2 47. Ra7 Rh3+ 48. Kd2 Kd4 49. Rxf7 Rxh4 50. Rxg7
Rh2+ 51. Ke1 Rxa2 52. Rxg6 Rg2 53. Kf1 Rb2 54. Rb6 Ke3 55. g6 Kf3 56. Ke1
Rg2 57. Kd1 d4 58. Rd6 Ke3 59. Kc1 Kd3 60. b4 Kc3 61. Rc6+ Kxb4 62. Kd1 Kb3
63. Ke1 d3 64. Kf1 d2 65. Rd6 Rh2 66. g7 Rh1+ 67. Kg2 d1=Q 68. Rxd1 Rxd1 69.
g8=Q+ {Black forfeits on time} 1-0

[Event "ICCopen2016"]
[Site "Internet Chess Club"]
[Date "2016.06.04"]
[Round "3"]
[White "Sibelephant"]
[Black "LittleMaster"]
[Result "1-0"]
[ICCResult "Black checkmated"]
[WhiteElo "3122"]
[BlackElo "2342"]
[Opening "QGD Slav: Krause attack"]
[ECO "D17"]
[NIC "SL.04"]
[Time "14:25:35"]
[TimeControl "180+0"]

1. d4 d5 2. c4 c6 3. Nf3 Nf6 4. Nc3 dxc4 5. a4 Bf5 6. Ne5 Nbd7 7. Nxc4 e6 8.
f3 Bb4 9. e4 Bg6 10. Be3 O-O 11. Be2 Rc8 12. O-O Qc7 13. Rc1 Qb8 14. Qb3 c5
15. Nb5 cxd4 16. Bxd4 Bc5 17. Qe3 a6 18. Bxc5 Rxc5 19. Nd4 Rfc8 20. b4 Rh5
21. f4 Rh6 22. e5 Nd5 23. Qd2 Be4 24. Nd6 Rd8 25. Nxe4 Nxe5 26. fxe5 Qxe5
27. Ng3 Ne7 28. Nf3 Qb8 29. Qg5 Nd5 30. Rfd1 Rg6 31. Qe5 Qa7+ 32. Qd4 Qb8
33. Bc4 h5 34. Nxh5 b5 35. axb5 axb5 36. Bb3 Qd6 37. Rf1 Nf6 38. Nxf6+ Rxf6
39. Qxd6 Rxd6 40. Rc8+ Kh7 41. Bc2+ g6 42. Ng5+ Kg7 43. Rxf6 Kxf6 44. Ne4+
Ke5 45. Nxd6 Kxd6 46. Rc5 f5 47. Bd3 e5 48. Bxb5 e4 49. Be8 Ke6 50. b5 e3
51. b6 Kd6 52. Rc6+ Kd5 53. b7 e2 54. Kf2 e1=Q+ 55. Kxe1 Ke4 56. b8=Q g5 57.
Qb4+ Ke5 58. Qd6+ Ke4 59. Rc4+ Ke3 60. Qd4# {Black checkmated} 1-0

[Event "ICCopen2016"]
[Site "Internet Chess Club"]
[Date "2016.06.04"]
[Round "3"]
[White "vidalnovich"]
[Black "Dodgy"]
[Result "1-0"]
[ICCResult "Black checkmated"]
[WhiteElo "1694"]
[BlackElo "2048"]
[Opening "Nimzo-Indian: 4.e3 e8g8, 5.Nf3 d7d5"]
[ECO "E51"]
[NIC "NI.06"]
[Time "14:25:31"]
[TimeControl "180+0"]

1. d4 Nf6 2. Nf3 d5 3. c4 e6 4. Nc3 Bb4 5. e3 O-O 6. Bd3 dxc4 7. Bxc4 a6 8.
O-O b5 9. Bd3 Bb7 10. e4 c5 11. dxc5 Bxc5 12. Bg5 h6 13. Bh4 Nbd7 14. e5
Bxf3 15. Bxf6 gxf6 16. Qxf3 Nxe5 17. Qg3+ Kh8 18. Bc2 Rg8 19. Qh3 Qf8 20.
Kh1 Rg5 21. f4 Ng4 22. fxg5 Nf2+ 23. Rxf2 Bxf2 24. gxf6 Rd8 25. Ne4 Bd4 26.
Rd1 e5 27. Ng5 Rd6 28. Qf5 Qg8 29. Nf3 Qg6 30. Qxg6 fxg6 31. Nxd4 exd4 32.
f7 Kg7 33. Rf1 Kf8 34. Bd3 g5 35. g3 a5 36. Kg2 b4 37. Rf5 a4 38. Kf3 a3 39.
bxa3 bxa3 40. Ke4 Rd7 41. Bc4 Rc7 42. Kd3 Rd7 43. Re5 Re7 44. Rxe7 Kxe7 45.
Kxd4 Kf8 46. Kc3 h5 47. Kb4 h4 48. Kxa3 hxg3 49. hxg3 g4 50. Kb4 Ke7 51. a4
Kf8 52. a5 Kg7 53. a6 Kf6 54. a7 Ke5 55. a8=Q Kd4 56. Qd5+ Ke3 57. Kc5 Kf2
58. Qd4+ Kg2 59. Qe4+ Kh3 60. f8=Q Kh2 61. Qf2+ Kh3 62. Qh1# {Black
checkmated} 1-0

[Event "ICCopen2016"]
[Site "Internet Chess Club"]
[Date "2016.06.04"]
[Round "3"]
[White "Nostradamus"]
[Black "Catknight"]
[Result "1-0"]
[ICCResult "Black checkmated"]
[WhiteElo "2417"]
[BlackElo "1862"]
[Opening "Four knights: Scotch, 4...exd4"]
[ECO "C47"]
[NIC "KP.06"]
[Time "14:23:35"]
[TimeControl "180+0"]

1. e4 e5 2. Nf3 Nc6 3. Nc3 Nf6 4. d4 exd4 5. Nxd4 Bc5 6. Be3 Nxd4 7. Bxd4
Bxd4 8. Qxd4 d6 9. O-O-O Be6 10. f4 O-O 11. f5 Bd7 12. Be2 Bc6 13. Bf3 Qe7
14. g4 Nd7 15. h4 Qe5 16. Qd2 b5 17. Rde1 b4 18. Nd1 a5 19. Nf2 Nc5 20. Nd3
Nxd3+ 21. cxd3 a4 22. d4 Qb5 23. Kb1 Bb7 24. g5 c5 25. f6 cxd4 26. fxg7 Rfc8
27. h5 b3 28. g6 Rc2 29. gxf7+ Kxf7 30. Qf4+ Ke7 31. a3 Rac8 32. Bg4 Rg8 33.
Rhf1 Rxg7 34. Qf8# {Black checkmated} 1-0

[Event "ICCopen2016"]
[Site "Internet Chess Club"]
[Date "2016.06.04"]
[Round "4"]
[White "waynerooney"]
[Black "RonJB"]
[Result "1-0"]
[ICCResult "Black resigns"]
[WhiteElo "1920"]
[BlackElo "1633"]
[Opening "Sicilian: closed"]
[ECO "B23"]
[NIC "SI.44"]
[Time "14:33:22"]
[TimeControl "180+0"]

1. e4 c5 2. Nc3 e6 3. f4 d5 4. Nf3 Nf6 5. Bb5+ Bd7 6. Bxd7+ Qxd7 7. Qe2 Be7
8. d3 dxe4 9. Nxe4 O-O 10. O-O Nc6 11. Bd2 Nd4 12. Qd1 Rfd8 13. Nxf6+ Bxf6
14. Ne5 Rac8 15. Nxd7 {Black resigns} 1-0

[Event "ICCopen2016"]
[Site "Internet Chess Club"]
[Date "2016.06.04"]
[Round "4"]
[White "waynehatcher"]
[Black "milinanana"]
[Result "0-1"]
[ICCResult "White resigns"]
[WhiteElo "1556"]
[BlackElo "1818"]
[Opening "QGD Slav: exchange variation"]
[ECO "D13"]
[NIC "SL.02"]
[Time "14:33:06"]
[TimeControl "180+0"]

1. Nf3 d5 2. c4 c6 3. cxd5 cxd5 4. d4 Nf6 5. Nc3 Nc6 6. e3 Bf5 7. Bd3 Bxd3
8. Qxd3 e6 9. O-O Be7 10. b3 O-O 11. Bb2 Rc8 12. Rac1 Qa5 13. Qb1 Bb4 14. a3
Bxa3 15. Bxa3 Qxa3 16. Rc2 Qb4 17. Rfc1 Rc7 18. Ne5 Rfc8 19. f3 h6 20. h3
Nxd4 21. exd4 Qxd4+ 22. Kh2 Qxe5+ {White resigns} 0-1

[Event "ICCopen2016"]
[Site "Internet Chess Club"]
[Date "2016.06.04"]
[Round "4"]
[White "BilodeauA"]
[Black "flinkfinger"]
[Result "1-0"]
[ICCResult "Black resigns"]
[WhiteElo "2794"]
[BlackElo "2168"]
[Opening "Nimzovich-Larsen attack: classical variation"]
[ECO "A01"]
[NIC "VO.08"]
[Time "14:33:09"]
[TimeControl "180+0"]

1. b3 d5 2. Bb2 c6 3. e3 Bf5 4. f4 Nf6 5. Nf3 e6 6. Be2 Nbd7 7. O-O Bd6 8.
Qe1 Qc7 9. d3 Bg4 10. Nbd2 Bxf3 11. Nxf3 e5 12. fxe5 Nxe5 13. Qh4 O-O-O 14.
Rae1 Rde8 15. Nd4 Ng6 16. Qh3+ Kb8 17. Nf5 Be5 18. d4 Bd6 19. Nxg7 Ne4 20.
Nxe8 Rxe8 21. Bd3 Bb4 22. c3 Nxc3 23. a3 Ba5 24. b4 Na4 25. Ba1 Bb6 26. Bc2
{Black resigns}
1-0

[Event "ICCopen2016"]
[Site "Internet Chess Club"]
[Date "2016.06.04"]
[Round "4"]
[White "HPG1947"]
[Black "Yedixon"]
[Result "1-0"]
[ICCResult "Black resigns"]
[WhiteElo "1678"]
[BlackElo "1244"]
[Opening "Danish gambit: Sorensen defense"]
[ECO "C21"]
[NIC "KP.04"]
[Time "14:33:37"]
[TimeControl "180+0"]

1. e4 e5 2. d4 exd4 3. c3 d5 4. exd5 Qxd5 5. cxd4 Nc6 6. Nf3 Bg4 7. Be2
O-O-O 8. Nc3 Bb4 9. O-O Bxc3 10. bxc3 f6 11. a4 Na5 12. Rb1 Ne7 13. Rb5
{Black resigns}
1-0

[Event "ICCopen2016"]
[Site "Internet Chess Club"]
[Date "2016.06.04"]
[Round "4"]
[White "jonesey"]
[Black "rookfish"]
[Result "1-0"]
[ICCResult "Black checkmated"]
[WhiteElo "1753"]
[BlackElo "1169"]
[Opening "Two knights defense"]
[ECO "C55"]
[NIC "IG.01"]
[Time "14:33:35"]
[TimeControl "180+0"]

1. e4 e5 2. Nf3 Nc6 3. Bc4 Nf6 4. d4 Nxe4 5. dxe5 Nxf2 6. Kxf2 Bc5+ 7. Be3
Bxe3+ 8. Kxe3 O-O 9. Re1 d5 10. Qxd5 Qe7 11. Nbd2 Nb4 12. Qe4 Kh8 13. Kf2
Qc5+ 14. Kf1 b5 15. Bd3 f5 16. exf6 Rb8 17. Qxh7# {Black checkmated} 1-0

[Event "ICCopen2016"]
[Site "Internet Chess Club"]
[Date "2016.06.04"]
[Round "4"]
[White "The7thGuest"]
[Black "Bozhenka"]
[Result "0-1"]
[ICCResult "White resigns"]
[WhiteElo "2167"]
[BlackElo "2946"]
[Opening "Queen's pawn game"]
[ECO "A45"]
[NIC "QP.07"]
[Time "14:33:04"]
[TimeControl "180+0"]

1. d4 Nf6 2. h3 d5 3. g4 c5 4. dxc5 Nc6 5. Bg2 e6 6. Nf3 Bxc5 7. O-O O-O 8.
Nc3 d4 9. Na4 Be7 10. b3 b5 11. Nb2 Bb7 12. Nd3 Nd5 13. Bd2 Qb6 14. a4 a6
15. a5 Qa7 16. Nf4 Nc3 17. Bxc3 dxc3 18. Nd3 Rad8 19. Qe1 b4 20. e4 e5 21.
Nfxe5 Nxe5 22. Nxe5 Rd2 23. Rc1 Bg5 24. Nf3 Bf4 25. Nxd2 cxd2 26. Qe2 dxc1=Q
27. Rxc1 Bxc1 {White resigns} 0-1

[Event "ICCopen2016"]
[Site "Internet Chess Club"]
[Date "2016.06.04"]
[Round "4"]
[White "plotkin"]
[Black "Imaneverwas"]
[Result "1-0"]
[ICCResult "Black resigns"]
[WhiteElo "2330"]
[BlackElo "1721"]
[Opening "Sicilian: Alapin's variation (2.c3)"]
[ECO "B22"]
[NIC "SI.46"]
[Time "14:33:11"]
[TimeControl "180+0"]

1. e4 c5 2. c3 d5 3. exd5 Qxd5 4. d4 e6 5. Nf3 Nf6 6. Be3 cxd4 7. cxd4 Nc6
8. Nc3 Qd8 9. Bc4 Be7 10. d5 exd5 11. Nxd5 Nxd5 12. Qxd5 Qxd5 13. Bxd5 Nb4
14. Be4 f5 15. Bb1 Nd5 16. Bd4 Bb4+ 17. Kf1 b6 18. g3 O-O 19. a3 Be7 20. Ba2
Be6 21. Re1 Kf7 22. Ne5+ Kg8 23. Nc6 Kf7 24. Nxe7 Kxe7 25. Bxd5 {Black
resigns} 1-0

[Event "ICCopen2016"]
[Site "Internet Chess Club"]
[Date "2016.06.04"]
[Round "4"]
[White "x22"]
[Black "hgarjur"]
[Result "1-0"]
[ICCResult "Black checkmated"]
[WhiteElo "2412"]
[BlackElo "1930"]
[Opening "King's pawn opening"]
[ECO "B07"]
[NIC "VO.17"]
[Time "14:34:11"]
[TimeControl "180+0"]

1. e4 d6 2. f4 Nf6 3. Nc3 g6 4. e5 Nfd7 5. Nf3 Bg7 6. d4 O-O 7. Bc4 e6 8. h4
h5 9. Be3 a6 10. Bb3 b5 11. d5 exd5 12. Qxd5 c6 13. Qxd6 Bb7 14. O-O-O Qe8
15. Qxg6 c5 16. Ng5 c4 17. Qh7# {Black checkmated} 1-0

[Event "ICCopen2016"]
[Site "Internet Chess Club"]
[Date "2016.06.04"]
[Round "4"]
[White "Biscuetz"]
[Black "AaronArrowood"]
[Result "1-0"]
[ICCResult "Black resigns"]
[WhiteElo "1551"]
[BlackElo "1788"]
[Opening "Giuoco Pianissimo"]
[ECO "C55"]
[NIC "IG.01"]
[Time "14:33:07"]
[TimeControl "180+0"]

1. e4 e5 2. Nf3 Nc6 3. Bc4 Nf6 4. d3 Bc5 5. O-O d6 6. c3 a6 7. a4 O-O 8. Bg5
h6 9. Bxf6 Qxf6 10. Nbd2 Be6 11. b4 Bb6 12. Bd5 Bxd5 13. exd5 Ne7 14. c4 Nf5
15. Ne4 Qg6 16. c5 Ba7 17. Rc1 Rac8 18. b5 axb5 19. axb5 Nd4 20. Nxd4 exd4
21. Qa4 Bxc5 22. Nxc5 dxc5 23. Rxc5 Qd6 24. Qxd4 c6 25. bxc6 bxc6 26. Rfc1
Rfd8 27. Rxc6 Rxc6 28. Rxc6 Qxc6 29. dxc6 Rxd4 30. c7 Rxd3 31. c8=Q+ Kh7 32.
Qc2 {Black resigns} 1-0

[Event "ICCopen2016"]
[Site "Internet Chess Club"]
[Date "2016.06.04"]
[Round "4"]
[White "Chapo2"]
[Black "jergus"]
[Result "0-1"]
[ICCResult "White checkmated"]
[WhiteElo "1978"]
[BlackElo "2543"]
[Opening "Sicilian defense"]
[ECO "B40"]
[NIC "SI.43"]
[Time "14:33:34"]
[TimeControl "180+0"]

1. e4 c5 2. Nf3 e6 3. c3 d5 4. exd5 Qxd5 5. d4 Nc6 6. Be3 Nf6 7. Be2 cxd4 8.
Nxd4 Nxd4 9. Bxd4 Be7 10. Bf3 Qd6 11. O-O O-O 12. Nd2 Rd8 13. Qb3 Nd5 14.
Nc4 Qa6 15. Ne3 Nf4 16. g3 Nh3+ 17. Kg2 Ng5 18. Be2 Qc6+ 19. f3 e5 20. Bxe5
Bh3+ 21. Kf2 Rd2 22. Ke1 Bxf1 23. Kxd2 Bxe2 24. Bd4 Bxf3 25. Rf1 Bc5 26. h4
Bxd4 27. hxg5 Bxe3+ 28. Kxe3 Qe4+ 29. Kf2 Qe2+ 30. Kg1 Qg2# {White
checkmated} 0-1

[Event "ICCopen2016"]
[Site "Internet Chess Club"]
[Date "2016.06.04"]
[Round "4"]
[White "peri00"]
[Black "nevidimka"]
[Result "0-1"]
[ICCResult "White resigns"]
[WhiteElo "1322"]
[BlackElo "2011"]
[Opening "Nimzo-Indian defense"]
[ECO "E20"]
[NIC "NI.30"]
[Time "14:34:53"]
[TimeControl "180+0"]

1. d4 Nf6 2. c4 e6 3. Nc3 Bb4 4. Bd2 d5 5. cxd5 exd5 6. e3 O-O 7. a3 Bd6 8.
Bd3 c6 9. Nf3 Bg4 10. O-O Nbd7 11. h3 Bh5 12. Bf5 Re8 13. Bxd7 Qxd7 14. g3
Qxh3 15. Qc2 Bxf3 {White resigns} 0-1

[Event "ICCopen2016"]
[Site "Internet Chess Club"]
[Date "2016.06.04"]
[Round "4"]
[White "ALexiz"]
[Black "magikk"]
[Result "1-0"]
[ICCResult "Black resigns"]
[WhiteElo "1829"]
[BlackElo "1492"]
[Opening "Queen's gambit declined"]
[ECO "D30"]
[NIC "QP.08"]
[Time "14:33:49"]
[TimeControl "180+0"]

1. d4 d5 2. c4 e6 3. Nf3 c6 4. g3 dxc4 5. Bg2 Nf6 6. Ne5 Nbd7 7. Nxc4 Nb6 8.
Ne5 Nbd7 9. Nf3 Bd6 10. O-O O-O 11. Nc3 e5 12. e4 Re8 13. Re1 exd4 14. Qxd4
Bc5 15. Qc4 Qb6 16. Rf1 Ng4 17. Na4 Bxf2+ 18. Kh1 Qd4 19. Nxd4 {Black
resigns} 1-0

[Event "ICCopen2016"]
[Site "Internet Chess Club"]
[Date "2016.06.04"]
[Round "4"]
[White "jbrongkos"]
[Black "Mormegil"]
[Result "0-1"]
[ICCResult "White checkmated"]
[WhiteElo "1833"]
[BlackElo "1599"]
[Opening "English: Caro-Kann defensive system"]
[ECO "A11"]
[NIC "EO.64"]
[Time "14:34:15"]
[TimeControl "180+0"]

1. c4 c6 2. Nf3 d5 3. e3 Nf6 4. Nc3 Bg4 5. h3 Bxf3 6. Qxf3 e6 7. b3 Be7 8.
Be2 O-O 9. O-O Nbd7 10. d4 Re8 11. Bb2 e5 12. Rfd1 e4 13. Qg3 Nf8 14. f4
exf3 15. Qxf3 Bd6 16. Bd3 Qe7 17. Re1 Bc7 18. cxd5 Qd6 19. dxc6 Qh2+ 20. Kf1
Bg3 21. Re2 Qh1# {White checkmated} 0-1

[Event "ICCopen2016"]
[Site "Internet Chess Club"]
[Date "2016.06.04"]
[Round "4"]
[White "ROWLAND"]
[Black "minke"]
[Result "0-1"]
[ICCResult "White resigns"]
[WhiteElo "1555"]
[BlackElo "1794"]
[Opening "Pirc defense"]
[ECO "B07"]
[NIC "PU.07"]
[Time "14:34:41"]
[TimeControl "180+0"]

1. e4 d6 2. d4 Nf6 3. Nc3 g6 4. Be3 c6 5. f3 b5 6. Qd2 Nbd7 7. a3 e5 8. d5
cxd5 9. Nxd5 a6 10. h4 h5 11. O-O-O Bb7 12. Bg5 Bxd5 13. exd5 Bg7 14. Nh3
O-O 15. Bh6 Qc7 16. Bxg7 Kxg7 17. Nf2 Nc5 18. Ne4 Nb3+ {White resigns} 0-1

[Event "ICCopen2016"]
[Site "Internet Chess Club"]
[Date "2016.06.04"]
[Round "4"]
[White "eltigrecu"]
[Black "Kakarotto"]
[Result "0-1"]
[ICCResult "White resigns"]
[WhiteElo "2096"]
[BlackElo "2647"]
[Opening "Trompowsky attack (Ruth, Opocenský opening)"]
[ECO "A45"]
[NIC "QP.07"]
[Time "14:33:11"]
[TimeControl "180+0"]

1. d4 Nf6 2. Bg5 e6 3. e4 h6 4. Bxf6 Qxf6 5. Nc3 Bb4 6. Nf3 d5 7. e5 Qd8 8.
Bb5+ c6 9. Bd3 c5 10. O-O Nc6 11. dxc5 Bxc3 12. bxc3 Qa5 13. c4 dxc4 14.
Bxc4 Qxc5 15. Qe2 b6 16. Rad1 Bb7 17. Rfe1 a6 18. Bd3 Nb4 19. Be4 Bxe4 20.
Qxe4 O-O 21. Rd7 Nd5 22. h4 Rac8 23. Nd4 Rfd8 24. Nxe6 fxe6 25. Rxg7+ Kxg7
26. Qg4+ Kf7 27. Qh5+ Ke7 28. Qxh6 Rf8 29. Qg5+ Kd7 30. h5 Qxf2+ {White
resigns} 0-1